[Event "ICC tourney 2415 (40 10)"]
[Site "Internet Chess Club"]
[Date "2021.02.28"]
[Round "1"]
[White "GUO, MAX:salamenceg"]
[Black "Murthy, Varsha:vsmurthy"]
[Result "1-0"]
[ICCResult "Black checkmated"]
[WhiteElo "1069"]
[BlackElo "199"]
[Opening "Ruy Lopez: Berlin defense, open variation"]
[ECO "C67"]
[NIC "RL.07"]
[Time "11:01:24"]
[PlyCount "55"]
[TimeControl "2400+10"]

1. e4 e5 2. Nf3 Nc6 3. Bb5 Nf6 4. O-O Nxe4 5. Bxc6 dxc6 6. Re1 Nf6 7. Nxe5
Bc5 8. Nxc6+ Kf8 9. Nxd8 Bd7 10. Nxb7 Bb6 11. Qe2 Ng4 12. Qe7+ Kg8 13. Qxd7
h6 14. Re8+ Rxe8 15. Qxe8+ Kh7 16. Qe4+ Kg8 17. Qxg4 Kh7 18. d3 Re8 19. h3
c5 20. Nc3 Bc7 21. Bf4 Bd8 22. Nxd8 Rxd8 23. Qf5+ Kg8 24. Qg4 Rd4 25. Ne4
g6 26. Bxh6 f5 27. Qxg6+ Kh8 28. Qg7# { Black checkmated } 1-0

[Event "ICC tourney 2415 (40 10)"]
[Site "Internet Chess Club"]
[Date "2021.02.28"]
[Round "1"]
[White "ZHANG, EMILY:emilyz"]
[Black "PALCHEVSKIY, ANDREW:alexbelaya"]
[Result "0-1"]
[ICCResult "White checkmated"]
[WhiteElo "202"]
[BlackElo "1146"]
[Opening "Ruy Lopez: Schliemann defense"]
[ECO "C63"]
[NIC "RL.06"]
[Time "11:01:25"]
[PlyCount "36"]
[TimeControl "2400+10"]

1. e4 e5 2. Nf3 Nc6 3. Bb5 f5 4. exf5 Qf6 5. Bxc6 bxc6 6. O-O Qxf5 7. Nh4
Qf6 8. g3 Bb7 9. f4 Bc5+ 10. Kh1 Bb6 11. fxe5 c5+ 12. Ng2 Qc6 13. Rg1 c4
14. d3 Bxg1 15. Qxg1 O-O-O 16. dxc4 Rf8 17. Bd2 Qxg2+ 18. Qxg2 Rf1# { White
checkmated } 0-1

[Event "ICC tourney 2415 (40 10)"]
[Site "Internet Chess Club"]
[Date "2021.02.28"]
[Round "1"]
[White "RAVINUTALA, NITYA:nitya2006"]
[Black "MURUGAN AYYAPPAN, ADHIRAIYAN:adma2028"]
[Result "0-1"]
[ICCResult "White checkmated"]
[WhiteElo "926"]
[BlackElo "1416"]
[Opening "Giuoco Piano"]
[ECO "C54"]
[NIC "IG.02"]
[Time "11:01:21"]
[PlyCount "74"]
[TimeControl "2400+10"]

1. e4 e5 2. Nf3 Nc6 3. Bc4 Bc5 4. c3 Nf6 5. d4 exd4 6. cxd4 Bb4+ 7. Bd2
Bxd2+ 8. Nbxd2 d6 9. d5 Ne5 10. Nxe5 dxe5 11. O-O O-O 12. Re1 Qe7 13. Nf3
Bg4 14. h3 Bxf3 15. Qxf3 Qb4 16. b3 a5 17. Rab1 Qc5 18. Qg3 a4 19. Qxe5
Rfe8 20. Qf4 axb3 21. axb3 Qd4 22. Qe3 Qxe3 23. Rxe3 Rxe4 24. Rxe4 Nxe4 25.
Bd3 Nd2 26. Rb2 Ra1+ 27. Kh2 Nf1+ 28. Bxf1 Rxf1 29. Re2 Kf8 30. Kg3 Rd1 31.
Rc2 Rxd5 32. Rxc7 Rd3+ 33. f3 Rxb3 34. Kf4 g6 35. Kg5 Kg7 36. h4 Rb4 37. h5
h6# { White checkmated } 0-1

[Event "ICC tourney 2415 (40 10)"]
[Site "Internet Chess Club"]
[Date "2021.02.28"]
[Round "1"]
[White "Murthy, Gautam:ggmurthy"]
[Black "BAI, JEFFREY:Jeffchess"]
[Result "0-1"]
[ICCResult "White resigns"]
[WhiteElo "672"]
[BlackElo "1227"]
[Opening "French: Winawer, fingerslip variation"]
[ECO "C15"]
[NIC "FR.08"]
[Time "11:01:23"]
[PlyCount "102"]
[TimeControl "2400+10"]

1. e4 e6 2. d4 d5 3. Nc3 Bb4 4. Bd2 Bxc3 5. Bxc3 Nf6 6. e5 Ne4 7. Bd2 c5 8.
c3 c4 9. f3 Qh4+ 10. g3 Nxg3 11. hxg3 Qxh1 12. Qa4+ Bd7 13. Qb4 b6 14. Ne2
Qxf3 15. Bg5 Nc6 16. Qd6 h6 17. Bd2 Qf5 18. O-O-O Qh7 19. Bh3 Qg8 20. g4
Qf8 21. Qc7 Qe7 22. Qb7 Qd8 23. Ng3 Qc8 24. Qxc8+ Rxc8 25. Bg2 Ne7 26. g5
h5 27. Nf1 g6 28. Ne3 Kd8 29. Rh1 Kc7 30. b3 b5 31. Kb2 a6 32. Nc2 h4 33.
Nb4 Kb6 34. Be1 Nf5 35. Bf2 Rh7 36. Kc1 Rch8 37. Kd2 h3 38. Bf3 h2 39. Bg4
Nh4 40. Ke2 Ng2 41. Bf3 Nf4+ 42. Ke3 a5 43. Nc2 Nd3 44. Bg3 Rh3 45. Bf2 a4
46. b4 R8h5 47. Ne1 Nxf2 48. Kxf2 Rxg5 49. Bg2 Rxc3 50. Nf3 Rc2+ 51. Ke3
Rgxg2 { White resigns } 0-1

[Event "ICC tourney 2415 (40 10)"]
[Site "Internet Chess Club"]
[Date "2021.02.28"]
[Round "1"]
[White "Zhang, Jerry:jerryjhzhang"]
[Black "SAPRU, AGASTYA:auggie29"]
[Result "0-1"]
[ICCResult "White resigns"]
[WhiteElo "824"]
[BlackElo "1306"]
[Opening "Sicilian defense"]
[ECO "B32"]
[NIC "SI.32"]
[Time "11:01:36"]
[PlyCount "48"]
[TimeControl "2400+10"]

1. e4 c5 2. Nf3 Nc6 3. d4 cxd4 4. Nxd4 d6 5. Nc3 e5 6. Ndb5 a6 7. Na3 Nf6
8. Be2 Be6 9. Be3 Be7 10. O-O O-O 11. Qd2 d5 12. exd5 Nxd5 13. Nxd5 Qxd5
14. Qxd5 Bxd5 15. Nc4 Bxc4 16. Bxc4 Bf6 17. b3 Nd4 18. Bxd4 exd4 19. Rad1
Rad8 20. Rd3 b5 21. Bxb5 axb5 22. Rfd1 h6 23. g3 Ra8 24. Ra1 Rfc8 { White
resigns } 0-1

[Event "ICC tourney 2415 (40 10)"]
[Site "Internet Chess Club"]
[Date "2021.02.28"]
[Round "1"]
[White "FRIEDMAN, WILLIAM:Wfriedman24"]
[Black "ADUSUMALLI, ANIRUDH SAI:Anichess2009"]
[Result "1-0"]
[ICCResult "Black checkmated"]
[WhiteElo "1308"]
[BlackElo "838"]
[Opening "Pirc: Holmov system"]
[ECO "B07"]
[NIC "PU.07"]
[Time "11:01:45"]
[PlyCount "109"]
[TimeControl "2400+10"]

1. e4 d6 2. d4 Nf6 3. Nc3 g6 4. Bc4 Bg7 5. Nf3 Nc6 6. O-O O-O 7. Bf4 e6 8.
Qd3 Nb4 9. Qd2 d5 10. exd5 Nbxd5 11. Bg5 Nxc3 12. Qxc3 Qd7 13. Rfe1 b6 14.
Rad1 Bb7 15. Ne5 Qe8 16. Qd3 Nd7 17. Bb5 Nxe5 18. dxe5 c6 19. Ba6 Bxa6 20.
Qxa6 Qc8 21. Qxc8 Raxc8 22. Rd7 h6 23. Bd2 Rcd8 24. Rxd8 Rxd8 25. Bc3 Rd5
26. g3 Rc5 27. f4 a5 28. Rd1 Rd5 29. Rxd5 cxd5 30. a4 Kf8 31. Bd4 Ke7 32.
Bxb6 Kd7 33. Bxa5 Kc6 34. Kf2 Kb7 35. Ke2 Ka6 36. Bd2 Bf8 37. Kd3 Bc5 38.
Be3 Bxe3 39. Kxe3 Ka5 40. b3 Kb4 41. Kd3 g5 42. fxg5 hxg5 43. h4 gxh4 44.
gxh4 Kc5 45. h5 d4 46. h6 Kd5 47. h7 Kxe5 48. h8=Q+ f6 49. a5 Kd5 50. a6 f5
51. a7 f4 52. a8=Q+ Kc5 53. Qe5+ Kb6 54. Qab8+ Ka6 55. Qeb5# { Black
checkmated } 1-0

[Event "ICC tourney 2415 (40 10)"]
[Site "Internet Chess Club"]
[Date "2021.02.28"]
[Round "1"]
[White "Kwok, Charlene:chakwo456"]
[Black "BHOSALE, ARNAV:avbhosale"]
[Result "0-1"]
[ICCResult "White checkmated"]
[WhiteElo "1154"]
[BlackElo "531"]
[Opening "King's pawn game"]
[ECO "C50"]
[NIC "IG.03"]
[Time "11:01:25"]
[PlyCount "118"]
[TimeControl "2400+10"]

1. e4 e5 2. Nf3 Nc6 3. Bc4 Nd4 4. Nxd4 exd4 5. d3 c6 6. O-O d5 7. exd5 cxd5
8. Bb5+ Bd7 9. Re1+ Be7 10. Bxd7+ Qxd7 11. c3 dxc3 12. Nxc3 Nf6 13. d4 O-O
14. Bf4 Rfe8 15. Qb3 a5 16. Nb5 a4 17. Qd3 Rec8 18. Rac1 Rxc1 19. Rxc1 Ra5
20. Rc7 Qxb5 21. Qxb5 Rxb5 22. Rxe7 Rxb2 23. h3 g6 24. Be5 Kg7 25. Kf1 Rxa2
26. Rxb7 Ra1+ 27. Ke2 a3 28. Kd2 a2 29. Ra7 g5 30. Kc2 Rf1 31. Kb2 Rxf2+
32. Ka1 Rxg2 33. Ra6 Rf2 34. Rd6 Kg6 35. Bxf6 Rxf6 36. Rxd5 Rf3 37. Rc5
Rxh3 38. d5 Kf6 39. Kxa2 Rd3 40. Rc6+ Ke5 41. Rh6 Rxd5 42. Rxh7 f5 43. Kb3
g4 44. Rh5 Rd4 45. Kc3 g3 46. Rh1 Rg4 47. Kd2 Ke4 48. Ke2 f4 49. Ra1 f3+
50. Kf1 g2+ 51. Kf2 Rf4 52. Ra4+ Kf5 53. Rxf4+ Kxf4 54. Kg1 Ke3 55. Kh2 Kf2
56. Kh3 g1=Q 57. Kh4 Ke3 58. Kh3 Kf4 59. Kh4 Qh2# { White checkmated } 0-1

[Event "ICC tourney 2415 (40 10)"]
[Site "Internet Chess Club"]
[Date "2021.02.28"]
[Round "1"]
[White "HELLER, RICHIE:RichieHeller"]
[Black "SHEN, CHARLES:charlesshen"]
[Result "0-1"]
[ICCResult "White resigns"]
[WhiteElo "841"]
[BlackElo "1354"]
[Opening "Evans gambit"]
[ECO "C52"]
[NIC "IG.05"]
[Time "11:01:49"]
[PlyCount "60"]
[TimeControl "2400+10"]

1. e4 e5 2. Nf3 Nc6 3. Bc4 Bc5 4. b4 Bxb4 5. c3 Ba5 6. d4 exd4 7. Qb3 Qe7
8. O-O Bb6 9. Bg5 f6 10. Bxg8 fxg5 11. Nxg5 Na5 12. Bf7+ Kd8 13. Qd5 c6 14.
Qf5 d5 15. Be6 Rf8 16. Qg4 h5 17. Qxh5 Bxe6 18. exd5 Bxd5 19. f4 Rxf4 20.
Nd2 Rxf1+ 21. Rxf1 dxc3+ 22. Kh1 cxd2 23. Qh8+ Qe8 24. Qxe8+ Kxe8 25. Rd1
Nc4 26. Nf3 Bxf3 27. gxf3 Kd7 28. Kg2 Re8 29. Kf1 Ne3+ 30. Ke2 Nxd1+ {
White resigns } 0-1

[Event "ICC tourney 2415 (40 10)"]
[Site "Internet Chess Club"]
[Date "2021.02.28"]
[Round "1"]
[White "JACOBS, STEVE:Steviejay"]
[Black "HELLER, JACK G:Maximusiv"]
[Result "1-0"]
[ICCResult "Black resigns"]
[WhiteElo "1429"]
[BlackElo "932"]
[Opening "Queen's pawn game"]
[ECO "A46"]
[NIC "QP.06"]
[Time "11:01:38"]
[PlyCount "58"]
[TimeControl "2400+10"]

1. d4 Nf6 2. Nf3 c5 3. c3 g6 4. Bg5 Bg7 5. Nbd2 cxd4 6. cxd4 O-O 7. e4 Re8
8. Bd3 d6 9. O-O Nbd7 10. Rc1 e5 11. d5 b6 12. b4 a5 13. bxa5 Nc5 14. Bb1
bxa5 15. Re1 Ba6 16. Nc4 Bb5 17. Nfd2 Qd7 18. Nb3 Nxb3 19. axb3 a4 20. Nb6
Qa7 21. Nxa8 axb3 22. Qxb3 Ba4 23. Qb6 Qxa8 24. Bxf6 Bxf6 25. Qxd6 Bd8 26.
Bd3 Ba5 27. Re2 Qa7 28. Qa6 Qxa6 29. Bxa6 Ra8 { Black resigns } 1-0

[Event "ICC tourney 2415 (40 10)"]
[Site "Internet Chess Club"]
[Date "2021.02.28"]
[Round "1"]
[White "GILILLAND, JESSE:ThirstyMonster"]
[Black "RAVINUTALA, VIVEK:vivek2009"]
[Result "1-0"]
[ICCResult "Black checkmated"]
[WhiteElo "1283"]
[BlackElo "808"]
[Opening "QGD semi-Slav"]
[ECO "D43"]
[NIC "SL.03"]
[Time "11:01:25"]
[PlyCount "111"]
[TimeControl "2400+10"]

1. d4 d5 2. c4 c6 3. Nf3 Nf6 4. Nc3 e6 5. a3 Be7 6. Bf4 Nbd7 7. e3 Nb6 8.
b3 O-O 9. Bd3 c5 10. dxc5 Bxc5 11. b4 Be7 12. c5 Nc4 13. Qe2 b6 14. Bxc4
dxc4 15. Rd1 Qe8 16. Qxc4 bxc5 17. bxc5 Qc6 18. Bd6 Ba6 19. Nd4 Bxd6 20.
Nxc6 Bxc4 21. cxd6 Bd5 22. Ne7+ Kh8 23. Nexd5 Nxd5 24. Nxd5 exd5 25. Rxd5
Rfd8 26. O-O Rd7 27. Rc1 h6 28. Rc7 Rb8 29. g3 Rbd8 30. Rxd7 Rxd7 31. e4 f6
32. f4 g5 33. e5 fxe5 34. fxe5 a6 35. e6 Rxd6 36. Rxd6 h5 37. Rd7 Kg8 38.
Rf7 a5 39. Rf5 g4 40. Rxh5 Kf8 41. Rxa5 Ke7 42. Ra4 Kxe6 43. Rxg4 Kf6 44.
Rf4+ Ke6 45. h4 Kd6 46. h5 Kc6 47. h6 Kb5 48. h7 Kc5 49. h8=Q Kd5 50. Qh5+
Ke6 51. Qf5+ Kd6 52. Rd4+ Kc6 53. Qe6+ Kc5 54. Rc4+ Kb5 55. Qc6+ Ka5 56.
Rc5# { Black checkmated } 1-0

[Event "ICC tourney 2415 (40 10)"]
[Site "Internet Chess Club"]
[Date "2021.02.28"]
[Round "1"]
[White "HARVEY, JAMES Slade:JamesS"]
[Black "EHRENBERG, JOSHUA BROOKES:joshebow"]
[Result "1-0"]
[ICCResult "Black checkmated"]
[WhiteElo "1364"]
[BlackElo "880"]
[Opening "Petrov three knights game"]
[ECO "C42"]
[NIC "RG.01"]
[Time "11:01:25"]
[PlyCount "81"]
[TimeControl "2400+10"]

1. e4 e5 2. Nf3 Nf6 3. Nc3 Bb4 4. d3 O-O 5. Nxe5 d5 6. Bd2 dxe4 7. Nxe4
Bxd2+ 8. Nxd2 Re8 9. Nf3 Nc6 10. d4 Bg4 11. Be2 Bxf3 12. Nxf3 Qe7 13. c3
Rad8 14. Rc1 Nd5 15. g3 Qe4 16. Kf1 Rd6 17. Bd3 Qg4 18. h3 Ne3+ 19. fxe3
Qxg3 20. Rg1 Qxh3+ 21. Kf2 Rde6 22. Rh1 Qg4 23. Bxh7+ Kf8 24. Rh4 Qxh4+ 25.
Nxh4 Rh6 26. Bc2 Rxh4 27. Qg1 Re6 28. Rf1 Rg6 29. Bxg6 fxg6 30. Kg3+ Kg8
31. Kxh4 Kh7 32. Kg5 Ne7 33. Rf8 Nf5 34. Qh2+ Nh6 35. e4 c5 36. dxc5 b6 37.
e5 bxc5 38. e6 c4 39. e7 a5 40. e8=Q a4 41. Rh8# { Black checkmated } 1-0

[Event "ICC tourney 2415 (40 10)"]
[Site "Internet Chess Club"]
[Date "2021.02.28"]
[Round "1"]
[White "PRAMOD, PRANAVI:deepra872"]
[Black "SPERBER, JACOB:jacobsperber"]
[Result "0-1"]
[ICCResult "White checkmated"]
[WhiteElo "941"]
[BlackElo "1447"]
[Opening "Queen's pawn: London system"]
[ECO "A45"]
[NIC "QP.07"]
[Time "11:01:28"]
[PlyCount "78"]
[TimeControl "2400+10"]

1. d4 Nf6 2. Bf4 g6 3. e3 Bg7 4. Nf3 O-O 5. h3 d6 6. Bc4 Nbd7 7. O-O a6 8.
Nc3 b5 9. Bb3 Bb7 10. a3 c5 11. Qd2 Ne4 12. Qe1 Rc8 13. d5 Nxc3 14. bxc3 c4
15. Ba2 Nc5 16. e4 Na4 17. Bd2 Qc7 18. Nd4 Rfe8 19. f3 e6 20. dxe6 fxe6 21.
Be3 d5 22. exd5 Bxd5 23. Qd2 Rcd8 24. f4 Re7 25. g3 Nc5 26. g4 Rde8 27.
Rad1 Qb7 28. Qf2 Ne4 29. Qe1 e5 30. fxe5 Bxe5 31. h4 Qc7 32. Ne2 Bh2+ 33.
Kg2 Nxc3+ 34. Kh3 Rxe3+ 35. Ng3 Rxg3+ 36. Kxh2 Rge3+ 37. Kg1 Rxe1 38. Rfxe1
Qg3+ 39. Kf1 Qg2# { White checkmated } 0-1

[Event "ICC tourney 2415 (40 10)"]
[Site "Internet Chess Club"]
[Date "2021.02.28"]
[Round "2"]
[White "BHOSALE, ARNAV:avbhosale"]
[Black "GILILLAND, JESSE:ThirstyMonster"]
[Result "0-1"]
[ICCResult "White checkmated"]
[WhiteElo "531"]
[BlackElo "1283"]
[Opening "Sicilian: Taimanov variation"]
[ECO "B45"]
[NIC "SI.39"]
[Time "13:16:18"]
[PlyCount "82"]
[TimeControl "2400+10"]

1. e4 c5 2. Nf3 e6 3. d4 cxd4 4. Nxd4 Nc6 5. Nc3 Nf6 6. Nxc6 bxc6 7. Bg5
Be7 8. e5 Nd5 9. Bxe7 Qxe7 10. Nxd5 exd5 11. f4 d6 12. Qe2 O-O 13. exd6
Qxd6 14. Qe5 Qb4+ 15. c3 Qxb2 16. Rd1 Bg4 17. Be2 Rfe8 18. Rd2 Qc1+ 19. Rd1
Qa3 20. Qd4 Rxe2+ 21. Kf1 Re4 22. Qf2 Bxd1 23. Kg1 Rae8 24. h4 Re1+ 25. Kh2
Rxh1+ 26. Kxh1 Qe7 27. Kh2 Qe3 28. Qxe3 Rxe3 29. g4 Rxc3 30. f5 Bxg4 31.
Kg2 Bxf5 32. h5 h6 33. Kf2 Bg4 34. Kg2 Bxh5 35. Kh2 Rf3 36. Kg2 d4 37. Kh2
d3 38. Kg2 d2 39. Kh2 d1=Q 40. Kg2 Qf1+ 41. Kh2 Rh3# { White checkmated }
0-1

[Event "ICC tourney 2415 (40 10)"]
[Site "Internet Chess Club"]
[Date "2021.02.28"]
[Round "2"]
[White "Murthy, Varsha:vsmurthy"]
[Black "PRAMOD, PRANAVI:deepra872"]
[Result "0-1"]
[ICCResult "White checkmated"]
[WhiteElo "199"]
[BlackElo "941"]
[Opening "French: Steinitz attack"]
[ECO "C00"]
[NIC "FR.01"]
[Time "13:17:06"]
[PlyCount "84"]
[TimeControl "2400+10"]

1. e4 e6 2. e5 d5 3. exd6 Bxd6 4. Bb5+ Bd7 5. Bxd7+ Qxd7 6. Nf3 Nf6 7. O-O
O-O 8. Nc3 Nc6 9. Re1 Rfe8 10. d3 Rad8 11. h3 h6 12. Nh2 Nd5 13. Nxd5 exd5
14. Rxe8+ Rxe8 15. g3 Qxh3 16. Qf1 Qxf1+ 17. Nxf1 Re1 18. a4 Nd4 19. Kh1
Rxf1+ 20. Kh2 Ne2 21. Ra2 Rxc1 22. b3 Nc3 23. Rb2 Ba3 24. Rb1 Rxb1 25. Kh3
Rc1 26. d4 Rxc2 27. b4 Bxb4 28. a5 Bxa5 29. Kh4 Bb6 30. Kg4 Bxd4 31. Kf4
Rxf2+ 32. Kg4 f5+ 33. Kh4 g5+ 34. Kh5 Rh2+ 35. Kg6 Kh8 36. g4 f4 37. Kf5 f3
38. Ke6 f2 39. Kd7 f1=Q 40. Kxc7 Qf7+ 41. Kb8 Re2 42. Ka8 Re8# { White
checkmated } 0-1

[Event "ICC tourney 2415 (40 10)"]
[Site "Internet Chess Club"]
[Date "2021.02.28"]
[Round "2"]
[White "EHRENBERG, JOSHUA BROOKES:joshebow"]
[Black "ZHANG, EMILY:emilyz"]
[Result "1-0"]
[ICCResult "Black checkmated"]
[WhiteElo "880"]
[BlackElo "202"]
[Opening "two knights defense: Fegatello attack"]
[ECO "C57"]
[NIC "KP.01"]
[Time "13:16:18"]
[PlyCount "35"]
[TimeControl "2400+10"]

1. e4 e5 2. Nf3 Nc6 3. Bc4 Nf6 4. Ng5 d5 5. exd5 Nxd5 6. Nxf7 Kxf7 7. Nc3
Be6 8. Qf3+ Ke7 9. Bxd5 Bxd5 10. Nxd5+ Ke6 11. c4 Nd4 12. Qg4+ Kd6 13. O-O
h5 14. Qg6+ Kc5 15. d3 Ne2+ 16. Kh1 Be7 17. Be3+ Nd4 18. b4# { Black
checkmated } 1-0

[Event "ICC tourney 2415 (40 10)"]
[Site "Internet Chess Club"]
[Date "2021.02.28"]
[Round "2"]
[White "SHEN, CHARLES:charlesshen"]
[Black "Zhang, Oscar Yihang:oscaryhz"]
[Result "1-0"]
[ICCResult "Black checkmated"]
[WhiteElo "1354"]
[BlackElo "986"]
[Opening "Giuoco Piano"]
[ECO "C50"]
[NIC "IG.02"]
[Time "13:16:36"]
[PlyCount "79"]
[TimeControl "2400+10"]

1. e4 e5 2. Nf3 Nc6 3. Bc4 Bc5 4. O-O Nf6 5. c3 O-O 6. d4 exd4 7. cxd4 Bb6
8. e5 Ne8 9. d5 Na5 10. Bd3 d6 11. b4 dxe5 12. bxa5 Bxa5 13. Nxe5 Qxd5 14.
Bxh7+ Kxh7 15. Qxd5 Bb6 16. Bb2 Be6 17. Qf3 Nf6 18. Nc3 Bd4 19. Qd3+ Kg8
20. Qxd4 Rfd8 21. Qh4 Rd2 22. Rab1 Rad8 23. Ne4 Nxe4 24. Qxe4 Bxa2 25. Nf3
Bxb1 26. Rxb1 R2d7 27. h3 b6 28. Ne5 Rd6 29. Qg4 g6 30. Re1 Rd2 31. Ba1
R2d6 32. Qf4 Rf8 33. Qh6 f5 34. Nxg6 Rd7 35. Qxf8+ Kh7 36. Re7+ Rxe7 37.
Qxe7+ Kxg6 38. Qg7+ Kh5 39. Bf6 c5 40. Qg5# { Black checkmated } 1-0

[Event "ICC tourney 2415 (40 10)"]
[Site "Internet Chess Club"]
[Date "2021.02.28"]
[Round "2"]
[White "HELLER, JACK G:Maximusiv"]
[Black "Murthy, Gautam:ggmurthy"]
[Result "1-0"]
[ICCResult "Black resigns"]
[WhiteElo "932"]
[BlackElo "672"]
[Opening "Two knights defense"]
[ECO "C55"]
[NIC "KP.02"]
[Time "13:17:06"]
[PlyCount "35"]
[TimeControl "2400+10"]

1. e4 e5 2. Nf3 Nc6 3. Bc4 Nf6 4. d4 exd4 5. O-O Bc5 6. c3 dxc3 7. e5 Ne4
8. Bxf7+ Kxf7 9. Qd5+ Ke8 10. Qxe4 cxb2 11. Bxb2 Qe7 12. Nc3 Ba3 13. Bxa3
Qxa3 14. Nd5 Kd8 15. Ng5 h6 16. Nf7+ Ke8 17. Nxh8 Kd8 18. Nf7+ { Black
resigns } 1-0

[Event "ICC tourney 2415 (40 10)"]
[Site "Internet Chess Club"]
[Date "2021.02.28"]
[Round "2"]
[White "BAI, JEFFREY:Jeffchess"]
[Black "JACOBS, STEVE:Steviejay"]
[Result "1-0"]
[ICCResult "Black resigns"]
[WhiteElo "1227"]
[BlackElo "1429"]
[Opening "Caro-Kann defense"]
[ECO "B11"]
[NIC "CK.01"]
[Time "13:17:05"]
[PlyCount "59"]
[TimeControl "2400+10"]

1. e4 c6 2. Nc3 d5 3. exd5 cxd5 4. Bb5+ Nc6 5. Nf3 Nf6 6. d4 Bg4 7. h3 Bxf3
8. Qxf3 e6 9. Bg5 Be7 10. Bxc6+ bxc6 11. O-O O-O 12. a3 Nd7 13. Bxe7 Qxe7
14. b3 Rab8 15. Qg3 Nf6 16. Qe5 c5 17. Ne2 Rfc8 18. f3 Nd7 19. Qg3 Rb7 20.
Kh1 Rbc7 21. c3 cxd4 22. cxd4 Rc2 23. Rfc1 Nf6 24. Qe1 Qc7 25. Rxc2 Qxc2
26. Rc1 Qxc1 27. Nxc1 g6 28. Nd3 Rc2 29. Qd1 Rb2 30. Nxb2 { Black resigns }
1-0

[Event "ICC tourney 2415 (40 10)"]
[Site "Internet Chess Club"]
[Date "2021.02.28"]
[Round "2"]
[White "RAVINUTALA, VIVEK:vivek2009"]
[Black "Kwok, Charlene:chakwo456"]
[Result "0-1"]
[ICCResult "White resigns"]
[WhiteElo "808"]
[BlackElo "1154"]
[Opening "Giuoco Pianissimo: Italian four knights variation"]
[ECO "C55"]
[NIC "IG.01"]
[Time "13:16:15"]
[PlyCount "58"]
[TimeControl "2400+10"]

1. e4 e5 2. Nf3 Nc6 3. Bc4 Nf6 4. Nc3 Bc5 5. d3 O-O 6. Bg5 Be7 7. Bxf6 Bxf6
8. O-O d6 9. Qd2 Be6 10. b3 Qe7 11. Ne2 Rad8 12. d4 d5 13. exd5 Bxd5 14.
Bxd5 Rxd5 15. Qe3 Rd7 16. dxe5 Nxe5 17. Nxe5 Bxe5 18. Rad1 Bd6 19. Qxe7
Rxe7 20. Nd4 Bc5 21. Nf5 Re5 22. Ng3 h6 23. Rfe1 Rfe8 24. Rxe5 Rxe5 25. h3
Bd6 26. f3 Ra5 27. a4 Bxg3 28. Rd8+ Kh7 29. Rb8 Re5 { White resigns } 0-1

[Event "ICC tourney 2415 (40 10)"]
[Site "Internet Chess Club"]
[Date "2021.02.28"]
[Round "2"]
[White "Nori, YOGA KAUSTHUBHA KRISHNA:Harithaananth"]
[Black "FRIEDMAN, WILLIAM:Wfriedman24"]
[Result "0-1"]
[ICCResult "White checkmated"]
[WhiteElo "1036"]
[BlackElo "1308"]
[Opening "Ruy Lopez: old Steinitz defense"]
[ECO "C62"]
[NIC "RL.02"]
[Time "13:16:12"]
[PlyCount "152"]
[TimeControl "2400+10"]

1. e4 e5 2. Nf3 Nc6 3. Bb5 d6 4. Nc3 Nf6 5. h3 Be7 6. d3 O-O 7. Bg5 Nd4 8.
Bxf6 Bxf6 9. Nxd4 exd4 10. Nd5 Bg5 11. h4 Bxh4 12. Qh5 h6 13. Rxh4 c6 14.
Bxc6 bxc6 15. Nf4 Kh7 16. O-O-O Qf6 17. Nh3 Bxh3 18. Rxh3 Qxf2 19. Qg5 f6
20. Qf5+ Qxf5 21. exf5 Rae8 22. Rh4 c5 23. c3 dxc3 24. bxc3 Re5 25. Rf1 Re2
26. Ra4 Rxg2 27. Rxa7 Rb8 28. Rd7 Rbb2 29. Rxd6 Rxa2 30. Rb6 h5 31. c4 h4
32. Rh1 h3 33. Rxh3+ Kg8 34. Rb8+ Kf7 35. Rb7+ Kg8 36. Rh1 Rgf2 37. Re1
Ra1+ 38. Rb1 Rxb1+ 39. Kxb1 Rxf5 40. Re8+ Kf7 41. Rc8 g5 42. Rc7+ Kg6 43.
Rc8 g4 44. Rg8+ Kh5 45. Rh8+ Kg5 46. Rg8+ Kf4 47. Kc2 Kf3 48. Rg6 g3 49.
Kd2 Kf2 50. Rh6 Re5 51. Rxf6+ Kg2 52. Kc3 Kh3 53. Rh6+ Kg4 54. Rg6+ Rg5 55.
Re6 g2 56. Re1 Kf5 57. Rg1 Kf4 58. d4 cxd4+ 59. Kxd4 Kf3 60. c5 Kf2 61.
Rxg2+ Rxg2 62. c6 Kf3 63. Kd5 Rd2+ 64. Kc5 Ke4 65. c7 Ke5 66. Kb6 Rb2+ 67.
Ka7 Ra2+ 68. Kb8 Rb2+ 69. Kc8 Kd6 70. Kd8 Rf2 71. Kc8 Rf7 72. Kb8 Rxc7 73.
Ka8 Rh7 74. Kb8 Kc6 75. Ka8 Kb6 76. Kb8 Rh8# { White checkmated } 0-1

[Event "ICC tourney 2415 (40 10)"]
[Site "Internet Chess Club"]
[Date "2021.02.28"]
[Round "2"]
[White "SPERBER, JACOB:jacobsperber"]
[Black "GUO, MAX:salamenceg"]
[Result "1-0"]
[ICCResult "Black resigns"]
[WhiteElo "1447"]
[BlackElo "1069"]
[Opening "Grünfeld: 5.e3"]
[ECO "D94"]
[NIC "GI.09"]
[Time "13:16:14"]
[PlyCount "55"]
[TimeControl "2400+10"]

1. d4 Nf6 2. c4 g6 3. Nc3 d5 4. e3 Bg7 5. Nf3 O-O 6. Be2 c5 7. O-O Nc6 8.
cxd5 Nxd5 9. Nxd5 Qxd5 10. dxc5 Qxc5 11. Bd3 Ne5 12. Nxe5 Bxe5 13. f4 Bc7
14. Qe2 f5 15. Bd2 Ba5 16. Rac1 Qb6 17. Bxa5 Qxa5 18. Rc2 Be6 19. b3 Rac8
20. Rfc1 Rxc2 21. Rxc2 Rd8 22. Kf1 Qd5 23. Bc4 Qd6 24. Bxe6+ Qxe6 25. Ke1
Qe4 26. Qc4+ Qd5 27. Rd2 Qxc4 28. Rxd8+ { Black resigns } 1-0

[Event "ICC tourney 2415 (40 10)"]
[Site "Internet Chess Club"]
[Date "2021.02.28"]
[Round "2"]
[White "HUA, OLIVER:oxdidi"]
[Black "Zhang, Jerry:jerryjhzhang"]
[Result "1-0"]
[ICCResult "Black resigns"]
[WhiteElo "993"]
[BlackElo "824"]
[Opening "Giuoco Piano"]
[ECO "C54"]
[NIC "IG.02"]
[Time "13:16:14"]
[PlyCount "73"]
[TimeControl "2400+10"]

1. e4 e5 2. Nf3 Nc6 3. Bc4 Bc5 4. c3 Nf6 5. d3 O-O 6. Nbd2 d6 7. h3 Re8 8.
Nf1 Be6 9. Bb3 Bxb3 10. axb3 h6 11. Ng3 d5 12. exd5 Nxd5 13. O-O e4 14.
dxe4 Nf6 15. Qe2 Re7 16. b4 Bd6 17. b5 Ne5 18. Nxe5 Bxe5 19. Rd1 Rd7 20.
Rxd7 Qxd7 21. f4 Bd6 22. e5 Re8 23. Be3 Bc5 24. Bxc5 Nd5 25. Qf3 b6 26. Bf2
Qxb5 27. Rxa7 Ne7 28. Rxc7 Qxb2 29. Rb7 b5 30. Qe2 Qxc3 31. Qxb5 Qc8 32.
Ne4 Nc6 33. Nd6 Qd8 34. Qxc6 Re7 35. Rxe7 Qxe7 36. Qe8+ Qxe8 37. Nxe8 {
Black resigns } 1-0

[Event "ICC tourney 2415 (40 10)"]
[Site "Internet Chess Club"]
[Date "2021.02.28"]
[Round "2"]
[White "PALCHEVSKIY, ANDREW:alexbelaya"]
[Black "HARVEY, JAMES Slade:JamesS"]
[Result "0-1"]
[ICCResult "White checkmated"]
[WhiteElo "1146"]
[BlackElo "1364"]
[Opening "Caro-Kann: classical variation"]
[ECO "B18"]
[NIC "CK.10"]
[Time "13:16:13"]
[PlyCount "124"]
[TimeControl "2400+10"]

1. e4 c6 2. d4 d5 3. Nc3 dxe4 4. Nxe4 Bf5 5. Nc5 b6 6. Nb3 e6 7. Bf4 Bd6 8.
Bxd6 Qxd6 9. Nf3 Nf6 10. Bc4 O-O 11. O-O Nbd7 12. Nh4 Bg4 13. Be2 Bxe2 14.
Qxe2 Nd5 15. Qd2 Rfd8 16. Rad1 a5 17. a4 Qf4 18. Qxf4 Nxf4 19. Rd2 Nf6 20.
g3 N4d5 21. Rfd1 Ne4 22. Rd3 Nd6 23. Nc1 Nb4 24. Rc3 b5 25. axb5 Nxb5 26.
Rc4 Rac8 27. c3 Nd5 28. Ra4 Nbxc3 29. bxc3 Nxc3 30. Rxa5 Nxd1 31. Ra3 Rxd4
32. Rb3 c5 33. Ne2 Rb4 34. Rd3 Rb1 35. Kg2 c4 36. Rd2 c3 37. Rc2 Rb2 38.
Rc1 c2 39. Nd4 e5 40. Rxc2 Rcxc2 41. Nxc2 Rxc2 42. Kf3 Rxf2+ 43. Ke4 Re2+
44. Kf5 g6+ 45. Kf6 e4 46. Ke5 Kg7 47. h3 f5 48. g4 Rf2 49. gxf5 gxf5 50.
Nxf5+ Rxf5+ 51. Kxf5 e3 52. h4 e2 53. h5 e1=Q 54. Kg5 Qe5+ 55. Kg4 Kh6 56.
Kh4 Qg5+ 57. Kh3 Kxh5 58. Kh2 Kg6 59. Kh3 Kf5 60. Kh2 Kf4 61. Kh1 Kf3 62.
Kh2 Qg2# { White checkmated } 0-1